 Dungeon Crawl Stone Soup version 0.19.0-18-g426998a (webtiles) character file.

5539 vale the Fighter (level 10, -9/58 HPs)
             Began as a Spriggan Monk on Nov 12, 2016.
             Was a High Priest of Ashenzari.
             Killed from afar by a shock serpent (31 damage)
             ... with a bolt of electricity
             ... on level 10 of the Dungeon.
             The game lasted 00:38:22 (16533 turns).

vale the Fighter (Spriggan Monk)                   Turns: 16533, Time: 00:38:23

Health: -9/58      AC:  5    Str:  7    XL:     10   Next: 43%
Magic:  11/11      EV: 26    Int: 14    God:    Ashenzari [*****.]
Gold:   604        SH:  4    Dex: 20    Spells: 3 memorised, 5 levels left

rFire  . . .     SeeInvis +     a - +2 short sword (drain)
rCold  . . .     Gourm    .     b - +0 robe
rNeg   + . .     Faith    .     (shield restricted)
rPois  .         Spirit   .     (helmet restricted)
rElec  .         Reflect  +     o - +2 cloak {MR+}
rCorr  .         Harm     .     (gloves unavailable)
MR     +++..     Clarity  +     (boots unavailable)
Stlth  +++++.....               i - +4 amulet of reflection
                                O - ring of positive energy
                                e - ring of protection from magic

@: about to teleport, studying 2 skills, very quick
A: unfitting armour, see invisible, herbivore 3, speed 3, slow metabolism 2
a: Curse Item, Scrying, Transfer Knowledge, Renounce Religion


You were on level 10 of the Dungeon.
You worshipped Ashenzari.
Ashenzari was extremely pleased with you.
You were hungry.

You visited 2 branches of the dungeon, and saw 11 of its levels.

You collected 604 gold pieces.

Inventory:

Hand Weapons
 a - a +2 short sword of draining (weapon)
 k - a +0 rapier
 v - a +0 dagger
Missiles
 f - 337 stones (quivered)
 r - 2 tomahawks
 s - a throwing net
Armour
 b - a +0 robe (worn)
 o - a +2 cloak of magic resistance (worn)
Magical Staves
 L - an uncursed staff of air
Jewellery
 e - a ring of protection from magic (left hand)
 i - a +4 amulet of reflection (around neck)
 O - a ring of positive energy (right hand)
Wands
 w - a wand of lightning (5/15)
 x - a wand of paralysis (0/24)
 C - a wand of random effects (0/48)
 F - a wand of disintegration (6/24)
 H - a wand of disintegration (0/24)
 K - a wand of lightning (5/15)
Scrolls
 d - 2 scrolls of recharging
 j - a scroll of amnesia {unknown}
 l - a scroll of teleportation
 n - 8 scrolls of remove curse
 D - a scroll of fog
Potions
 g - a potion of magic
 h - 4 potions of curing
 m - 2 potions of lignification
 p - a potion of flight
 q - 2 potions of brilliance
 t - a potion of ambrosia
 u - a potion of cure mutation {unknown}
 z - 2 potions of resistance {unknown}
 E - a potion of berserk rage {unknown}
 G - a potion of invisibility
 I - a potion of cancellation {unknown}
 N - 2 potions of haste {unknown}
Books
 y - a book of Cantrips

   Spells                             Type                      Level
   a - Confusing Touch                Hexes                        1
   b - Animate Skeleton               Necromancy                   1
   c - Summon Small Mammal            Summoning                    1
   d - Apportation                    Translocation                1
 B - a book of Callings

   Spells                             Type                      Level
   a - Summon Small Mammal            Summoning                    1
   b - Call Imp                       Summoning                    2
   c - Call Canine Familiar           Summoning                    3
   d - Summon Guardian Golem          Hexes/Summoning              3
   e - Summon Lightning Spire         Summoning/Air                4
   f - Summon Ice Beast               Ice/Summoning                4
 J - a manual of Long Blades
 M - a manual of Shields
Comestibles
 c - 4 bread rations {@e1}
 A - 4 fruits


   Skills:
 - Level 9.7 Fighting
 - Level 8.4 Short Blades
 + Level 9.7 Dodging
 - Level 9.6 Stealth


You had 5 spell levels left.
You knew the following spells:

 Your Spells              Type           Power        Failure   Level  Hunger
e - Call Imp              Summ           #.......     43%         2    ###....
k - Apportation           Tloc           #.........   30%         1    ##.....
n - Animate Skeleton      Necr           N/A          30%         1    ##.....


Dungeon Overview and Level Annotations

Branches:
Dungeon (10/15)            Temple (1/1) D:4
   Lair: D:8-11         Orc: D:9-12

Altars:
Ashenzari
Cheibriados
Dithmenos
Elyvilon
Fedhas
Gozag
Hepliaklqana
Kikubaaqudgha
Makhleb
Nemelex Xobeh
Okawaru
Qazlal
Ru
Sif Muna
Trog
Uskayaw
Vehumet
Xom
Yredelemnul
Zin
The Shining One

Annotations:
D:2 Natasha
D:4 exclusion: scorpion
D:5 Brom's ghost, novice TrMo
D:8 Joseph


Innate Abilities, Weirdness & Mutations

You are very small and have problems with some larger weapons.
You are too small for most types of armour.
You have supernaturally acute eyesight. (SInv)
You are a herbivore.
You cover ground extremely quickly.
You need consume almost no food.


Message History

The shock serpent easily resists.
This wand has 1 charge left.
The shock serpent shoots out a bolt of lightning at you!
The bolt of electricity misses you.
You hear a bellow! x2
Aim: a shock serpent (lightly wounded, chance to defeat MR: 28%)
The shock serpent easily resists.
This wand has 0 charges left.
A yak comes into view.
You hit the shock serpent.
The shock serpent's electric aura discharges, shocking you!
The shock serpent bites you!! The shock serpent shocks you!
* * * LOW HITPOINT WARNING * * *
You take 36 damage, and have 22/58 hp.
MASSIVE DAMAGE!!
Okay, then.
Unknown command.
As you read the scroll of teleportation, it crumbles to dust.
You feel strangely unstable.
The shock serpent shoots out a bolt of lightning at you!
The bolt of electricity hits you!
Ouch! That really hurt!
You die...

### #######* *
#..#####.....(.,
#........Y... , , ,,
#.........#,{ {{{ ,
#.........#,,{ {{ ,
#.........#∆ , , ,,
#....S....# ,, { ,,
####@###### * ,,, ##
#...########, ##.,,, .#
#.)...#....#, ... .#
#.....#....#,..., , .# *
#.....##..##..# ,,, .# * *
#####.....##..##..##.,..
.# *
,,+.......................
.# *
,#...................)...
#####
**#..#########..###+##....


You could see a shock serpent and a yak.

Vanquished Creatures
  A centaur warrior (D:8)
  2 hill giants (D:10)
  A cyclops (D:8)
  2 hornets
  3 hippogriffs
  2 ice beasts
  An eye of draining (D:10)
  3 centaurs
  3 big kobolds
  6 bullfrogs
  2 scorpions
  7 killer bees
  A wight (D:10)
  4 howler monkeys
  A crimson imp (D:5)
  2 jellies
  6 hounds
  2 bullfrog skeletons
  An orc priest (D:9)
  2 orc wizards
  3 iguanas
  7 worker ants
  A killer bee zombie (D:9)
  A hound skeleton (D:8)
  2 worker ant zombies
  7 gnolls
  13 adders
  2 shadow imps
  An adder zombie (D:8)
  2 adder skeletons
  2 worms
  2 dart slugs (D:1)
  6 leopard geckos
  16 orcs
  3 bats
  12 giant cockroaches
  7 goblins
  9 hobgoblins
  18 jackals
  14 kobolds
  6 ball pythons
  7 frilled lizards
  A jackal skeleton (D:7)
  2 leopard gecko skeletons (D:7)
  6 rats
202 creatures vanquished.

Vanquished Creatures (others)
  A hobgoblin (D:3)
1 creature vanquished.

Grand Total: 203 creatures vanquished

Notes
Turn   | Place    | Note
-------+----------+-------------------------------------------
     0 | D:1      | vale the Spriggan Monk began the quest for the Orb.
     0 | D:1      | Reached XP level 1. HP: 11/11 MP: 2/2
   712 | D:1      | Reached XP level 2. HP: 16/16 MP: 3/3
  1376 | D:1      | You fall through a shaft!
  1460 | D:1      | Reached XP level 3. HP: 19/19 MP: 4/4
  2109 | D:2      | Noticed Natasha
  2481 | D:1      | Reached skill level 5 in Dodging
  3367 | D:2      | this is fun
  3547 | D:1      | Reached XP level 4. HP: 18/23 MP: 5/5
  4002 | D:3      | Found a faded altar of an unknown god.
  4016 | D:3      | Became a worshipper of Ashenzari the Shackled
  4016 | D:3      | Reached * piety under Ashenzari
  4016 | D:3      | Reached ** piety under Ashenzari
  4185 | D:3      | Reached skill level 5 in Stealth
  5547 | D:3      | Reached skill level 5 in Short Blades
  5798 | D:3      | Reached XP level 5. HP: 16/27 MP: 6/6
  6433 | D:4      | Reached *** piety under Ashenzari
  7273 | D:4      | Noticed a phantom
  7276 | D:4      | Reached XP level 6. HP: 32/32 MP: 7/7
  7377 | D:4      | Found a staircase to the Ecumenical Temple.
  7386 | Temple   | Entered the Ecumenical Temple
  8513 | D:5      | Entered Level 5 of the Dungeon
  8806 | D:5      | Noticed Brom's ghost (novice TrMo)
  8879 | D:6      | Reached **** piety under Ashenzari
  9214 | D:5      | Reached XP level 7. HP: 23/35 MP: 8/8
 11214 | D:7      | Found a flagged portal.
 11708 | D:7      | Reached XP level 8. HP: 32/39 MP: 9/9
 12617 | D:8      | Learned a level 1 spell: Animate Skeleton
 12619 | D:8      | Learned a level 1 spell: Apportation
 12688 | D:8      | Noticed Joseph
 12776 | D:8      | Noticed a hill giant
 12776 | D:8      | Noticed a hippogriff
 12792 | D:8      | Noticed a centaur warrior
 12815 | D:8      | uh
 12902 | D:9      | Learned a level 2 spell: Call Imp
 13752 | D:9      | Noticed a hippogriff
 13759 | D:9      | Killed a hippogriff
 13759 | D:9      | Reached skill level 5 in Fighting
 13759 | D:9      | Reached XP level 9. HP: 47/47 MP: 10/10
 14019 | D:10     | Entered Level 10 of the Dungeon
 14137 | D:10     | Noticed a hill giant
 14139 | D:10     | Noticed a hill giant
 14141 | D:10     | Killed a hill giant
 14448 | D:8      | Noticed a cyclops
 14451 | D:8      | Killed a cyclops
 14619 | D:8      | Killed a centaur warrior
 14619 | D:8      | Reached XP level 10. HP: 40/57 MP: 11/11
 14772 | D:8      | Reached ***** piety under Ashenzari
 15104 | D:10     | Noticed a hill giant
 15485 | D:10     | Killed a hill giant
 15486 | D:10     | Noticed a shock serpent
 15486 | D:10     | a hill giant changed into a shock serpent
 16260 | D:10     | Found a glowing silver altar of Zin.
 16533 | D:10     | Killed from afar by a shock serpent

Skill      XL: |  1  2  3  4  5  6  7  8  9 10 |
---------------+-------------------------------+-----
Short Blades   | 4 5 6 7 8 |  8.4
Dodging        | 5 7 8 9 |  9.7
Stealth        | 4 5 7 9 |  9.6
Fighting       | 5 8 9 |  9.7

Action                   |  1- 3 |  4- 6 |  7- 9 | 10-12 || total
-------------------------+-------+-------+-------+-------++-------
Melee: Short sword       |   188 |   410 |   157 |   189 ||   944
       Rapier            |       |       |   267 |       ||   267
Throw: Stone             |    34 |    38 |    10 |    10 ||    92
       Tomahawk          |       |    14 |       |       ||    14
Invok: Scrying           |       |       |     1 |     1 ||     2
Evoke: Wand              |       |       |     4 |    16 ||    20
  Use: Scroll            |       |    11 |     5 |     6 ||    22
       Potion            |       |       |     3 |       ||     3
 Stab: Sleeping          |     5 |    15 |    29 |       ||    49
       Distracted        |       |     2 |     2 |       ||     4
       Paralysed         |       |       |     1 |       ||     1
  Eat: Bread ration      |       |     1 |     1 |       ||     2
       Pizza             |       |       |     1 |       ||     1
Armor: Robe              |    12 |    26 |    23 |    12 ||    73
Dodge: Dodged            |   171 |   253 |   254 |   140 ||   818
Block: Other             |       |     6 |    42 |    23 ||    71
